 Dungeon Crawl Stone Soup version 0.28-a0-1506-g3893175d92 (webtiles) character file.

Game seed: 13078915461310518936

1946 croobank the Shield-Bearer (level 9, -1/47 HPs)
             Began as a Vine Stalker Fighter on Jan 14, 2022.
             Was an Elder of Ru.
             Slain by a killer bee (3 damage)
             ... on level 7 of the Dungeon.
             The game lasted 00:28:55 (6264 turns).

croobank the Shield-Bearer (Vine Stalker Fighter)   Turns: 6264, Time: 00:29:01

Health: -1/47      AC:  8    Str: 19    XL:     9   Next: 18%
Magic:  0/25       EV:  9    Int: 16    God:    Ru [****..]
Gold:   176        SH:  5    Dex: 14    Spells: 15/16 levels left

rFire   x . .      SeeInvis .   a - +1 war axe (flame)
rCold   x . .      Faith    .   c - +0 buckler
rNeg    . . .      Spirit   +   g - +0 scale mail
rPois   .          Reflect  .   (no helmet)
rElec   .          Harm     .   A - scarf {repulsion}
rCorr   .          Rampage  .   q - +0 pair of gloves {infuse}
Will    +....                   (no boots)
Stlth   ..........              (no amulet)
HPRegen 0.95/turn               h - ring of magical power
MPRegen 0.19/turn               M - +6 ring of intelligence

@: lethally poisoned (-1 -> -5), repel missiles
A: fangs 3, dopey 1, regeneration 1, magic shield, antimagic bite, no potion
heal 2, hated by all, temperature sensitive
a: Renounce Religion, Draw Out Power, Power Leap


You were on level 7 of the Dungeon.
You worshipped Ru.
Ru was greatly pleased with you.
You visited 1 branch of the dungeon, and saw 7 of its levels.

You collected 360 gold pieces.
You spent 184 gold pieces at shops.

Inventory:

Hand Weapons
 a - a +1 war axe of flaming (weapon)
 b - a +0 hunting sling
 n - a +0 battleaxe
 w - a +0 morningstar
 C - a +0 flail of holy wrath
 I - a +0 broad axe
Missiles
 e - 172 bolts
 i - 272 stones (quivered)
 k - 52 sling bullets
 p - 7 curare-tipped darts
 H - 34 arrows
Armour
 c - a +0 buckler (worn)
 g - a +0 scale mail (worn)
 q - a +0 pair of gloves of infusion (worn)
 x - a +0 cloak
 A - a scarf of repulsion (worn)
 K - the +0 leather armour "Umnaogh" {rC++}
   (You found it on level 6 of the Dungeon)

   rC:        It greatly protects you from cold.
Jewellery
 h - a ring of magical power (left hand)
 s - a ring of protection from fire
 M - a +6 ring of intelligence (right hand)
Wands
 m - a wand of flame (18)
Scrolls
 j - a scroll of fear
 l - 3 scrolls of teleportation
 r - a scroll of silence
 y - 2 scrolls of magic mapping
Potions
 d - 4 potions of might
 f - a potion of ambrosia
 t - 2 potions of flight
 u - 3 potions of mutation {unknown}
 v - 3 potions of lignification
 z - a potion of haste
 B - 2 potions of curing
 E - a potion of degeneration {unknown}
 L - a potion of brilliance {unknown}


   Skills:
 + Level 5.1 Fighting
 + Level 4.6 Axes
 + Level 4.6 Armour
 + Level 5.2 Shields
 + Level 4.4 Spellcasting
 + Level 4.4 Earth Magic


You had 15 spell levels left.
You knew the following spells:

 Your Spells              Type           Power      Damage    Failure   Level
a - Sandblast             Erth           34%        2d9       10%         1

Your spell library contained the following spells:

 Spells                   Type           Power      Damage    Failure   Level
 Passwall                 Tmut/Erth      8%         N/A       36%         2
 Apportation              Tloc           6%         N/A       52%         1
 Foxfire                  Conj/Fire      12%        2x1d4     52%         1
 Stone Arrow              Conj/Erth      20%        3d8       58%         3
 Conjure Flame            Conj/Fire      3%         6-21      87%         3
 Inner Flame              Hex/Fire       3%         N/A       87%         3
 Anguish                  Hex/Necr       1%         N/A       99%         4
 Cause Fear               Hex            1%         N/A       99%         4
 Flame Wave               Conj/Fire      3%         2d4       99%         4
 Enfeeble                 Hex            1%         N/A       100%        7
 Discord                  Hex            1%         N/A       100%        8
 Animate Skeleton         Necr           Unusable   N/A       N/A         1
 Summon Small Mammal      Summ           Unusable   N/A       N/A         1
 Tukima's Dance           Hex            Unusable   N/A       N/A         3

Dungeon Overview and Level Annotations

Branches:
Dungeon (7/15)             Temple (0/1) D:4

Altars:
Makhleb
Ru

Shops:
D:1 *   D:2 (?   D:4 !

Annotations:
D:3 2 transporters, a3don's ghost, amateur SpVM
D:6 Prince Ribbit


Innate Abilities, Weirdness & Mutations

You have razor-sharp teeth.
You are dopey. (Int -2)
Your natural rate of healing is unusually fast.
When hurt, damage is shared between your health and your magic reserves.
Your bite disrupts and absorbs the magic of your enemies.
Potions cannot restore your health.
You are hated by all.
You are sensitive to extremes of temperature. (rF-, rC-)


Message History

You block the killer bee's attack. The killer bee closely misses you.
Unknown command.
You closely miss the killer bee. You barely miss the killer bee.
You feel sick. You block the killer bee's attack.
The killer bee stings you but does no damage. x2
The killer bee closely misses you.
Unknown command.
You miss the killer bee.
You bite the killer bee, but do no damage.
You hit the killer bee but do no damage.
You feel sick. The killer bee stings you.
You are more poisoned.
The killer bee poisons you! The killer bee completely misses you.
The killer bee closely misses you. The killer bee stings you.
You are more poisoned.
The killer bee poisons you! The killer bee barely misses you.
The killer bee stings you.
You slash the killer bee! You burn the killer bee.
You kill the killer bee!
You closely miss the killer bee.
You feel very sick. The killer bee barely misses you.
The killer bee closely misses you. You block the killer bee's attack.
The killer bee is stunned by your conviction and fails to attack.
The killer bee stings you.
* * * LOW HITPOINT WARNING * * *
You closely miss the killer bee. x2
* * * LOW HITPOINT WARNING * * *
You feel very sick.
The killer bee stings you but does no damage. x2
You block the killer bee's attack. The killer bee stings you!
* * * LOW HITPOINT WARNING * * *
Your system rejects the healing.
You feel better. The killer bee stings you.
* * * LOW HITPOINT WARNING * * *
You are lethally poisoned!
The killer bee poisons you!
You focus your inner power and blind the killer bee in retribution!
You redirect the killer bee's attack!
The killer bee stings the killer bee.
The killer bee stings you.
You die...

...+ ...##### #########
...##..###........
#########..##...y#.....(..
#.......#..##...@y........
#.......#..##..###........
#.......#..##..#......####
#.......#'###..'......#
#...........#..#......#
###+####....#'##......#
#.....'.........####...
#....)#......>..# ....
#.....#####.....# ....#


You could see 2 killer bees.

Vanquished Creatures
  A cyclops (D:6)
  2 centaur zombies (D:6)
  An ice beast (D:5)
  A black bear (D:6)
  An ogre (D:6)
  2 necrophages
  A centaur (D:7)
  A bullfrog (D:7)
  3 killer bees (D:7)
  A bullfrog zombie (D:6)
  4 hounds
  A jelly (D:5)
  3 orc priests
  A hound zombie (D:5)
  A hound skeleton (D:5)
  Robin (D:4)
  3 howler monkey skeletons
  8 adders
  A white imp (D:6)
  An ufetubus (D:5)
  2 worms
  19 orcs
  4 ball pythons
  2 bats
  5 endoplasms
  6 giant cockroaches
  16 goblins
  8 hobgoblins
  3 jackals (D:3)
  2 quokkas (D:1)
  3 frilled lizards
  9 kobolds
  2 rats
119 creatures vanquished.

Vanquished Creatures (others)
  A killer bee (D:7)
  An iguana (D:6)
  4 plants
6 creatures vanquished.

Grand Total: 125 creatures vanquished

Notes
Turn   | Place    | Note
-------+----------+-------------------------------------------
     0 | D:1      | croobank the Vine Stalker Fighter began the quest for the
                  | Orb.
     0 | D:1      | Reached XP level 1. HP: 11/11 MP: 2/2
   470 | D:1      | Reached XP level 2. HP: 16/16 MP: 3/3
   522 | D:1      | Found a faded altar of an unknown god.
   533 | D:1      | Prayed at the altar of an unknown god.
   533 | D:1      | Became a worshipper of Ru the Awakened
   534 | D:1      | Gained mutation: You are hated by all. [Ru sacrifice]
   534 | D:1      | Reached * piety under Ru
   534 | D:1      | Reached ** piety under Ru
   573 | D:1      | Found Segotutu's General Store.
   595 | D:1      | Bought a scroll of identify for 20 gold pieces
  1016 | D:2      | Reached XP level 3. HP: 20/20 MP: 4/4
  1057 | D:2      | Found Taplono's Magic Scroll Shop.
  1415 | D:2      | Found Vall's Weapon Shoppe.
  1432 | D:2      | Bought a +0 hunting sling for 21 gold pieces
  1631 | D:3      | Found a burning altar of Makhleb.
  1932 | D:3      | Found a transporter.
  1936 | D:3      | Found a transporter.
  1936 | D:3      | Noticed a3don's ghost (amateur SpVM)
  2043 | D:3      | Gained mutation: Your natural rate of healing is unusually
                  | fast. [Vine Stalker growth]
  2043 | D:3      | Reached XP level 4. HP: 24/24 MP: 5/5
  2047 | D:3      | Learned a level 1 spell: Sandblast
  2687 | D:4      | Reached skill level 1 in Earth Magic
  2803 | D:4      | Reached skill level 1 in Spellcasting
  2808 | D:4      | Gained mutation: You are dopey. (Int -2) [Ru sacrifice]
  2834 | D:4      | Noticed Robin
  2848 | D:4      | Killed Robin
  2871 | D:4      | Reached XP level 5. HP: 28/28 MP: 1/7
  3334 | D:4      | Found Oxkyptek's Distillery.
  3345 | D:4      | Reached XP level 6. HP: 21/32 MP: 8/9
  3506 | D:4      | Bought a potion of might for 48 gold pieces
  3693 | D:4      | Found a staircase to the Ecumenical Temple.
  3972 | D:5      | Entered Level 5 of the Dungeon
  4141 | D:5      | Noticed an ice beast
  4149 | D:5      | Killed an ice beast
  4150 | D:5      | Reached XP level 7. HP: 34/37 MP: 11/11
  4725 | D:2      | Bought a scroll of identify for 20 gold pieces
  4725 | D:2      | Bought a scroll of enchant weapon for 75 gold pieces
  4827 | D:6      | Identified the +0 leather armour "Umnaogh" {rC++}
  5003 | D:6      | Noticed a cyclops
  5048 | D:6      | Gained mutation: You have razor-sharp teeth. [Vine Stalker
                  | growth]
  5048 | D:6      | Reached XP level 8. HP: 38/42 MP: 11/14
  5378 | D:6      | Gained mutation: You are sensitive to extremes of
                  | temperature. (rF-, rC-) [Ru sacrifice]
  5378 | D:6      | Reached *** piety under Ru
  5378 | D:6      | Reached **** piety under Ru
  5600 | D:6      | Killed a cyclops
  5614 | D:7      | Reached skill level 5 in Shields
  5692 | D:7      | Noticed Prince Ribbit
  6120 | D:7      | Reached XP level 9. HP: 40/43 MP: 16/16
  6137 | D:7      | Reached skill level 5 in Fighting
  6263 | D:7      | HP: 2/47 [killer bee (4)]
  6264 | D:7      | Slain by a killer bee

Illustrated notes

Levels and vault maps discovered:
D:1:      dpeg_arrival_chambers_temple_mockup, layout_basic, serial_shops,
          nicolae_diamond_shop, ebering_ecumenical_altar_rust
D:2:      layout_rooms, serial_shops, shop, nicolae_shop_crystal,
          serial_aquarium, aquarium_bridge_square [aquarium_subvault_wall,
          aquarium_subvault_window, aquarium_subvault_bridge,
          aquarium_subvault_window], aquarium_window_1, aquarium_window_corner,
          aquarium_view_4, aquarium_pool_side, st_stairs_8, serial_bayou_pond_a,
          chequers_serial_rivers_room_a, kennysheep_decorative_pillar,
          minmay_statues_item, minmay_circled_x
D:3:      layout_basic, mainiacjoe_overflow_concentric_impassable,
          gammafunk_ghost_arena
D:4:      corexii_shack_village, layout_gridville, temple_pool_b, serial_shops,
          shop, due_unseen_surprise, uniq_robin
D:5:      layout_basic, guppyfry_early_lair_pool
D:6:      layout_basic, serial_glass, glass_columns_a, glass_columns_a
D:7:      layout_gridville, uniq_maggie, uniq_prince_ribbit1

Skill      XL: |  1  2  3  4  5  6  7  8  9 |
---------------+----------------------------+-----
Axes           | 2 3 4 |  4.6
Shields        | 3 4 5 |  5.2
Fighting       | 3 4 5 |  5.1
Earth Magic    | 1 2 3 4 |  4.4
Spellcasting   | 1 2 3 4 |  4.4
Armour         | 3 4 |  4.6

Action                   |  1- 3 |  4- 6 |  7- 9 || total
-------------------------+-------+-------+-------++-------
Melee: War axe           |    68 |   135 |   103 ||   306
       Bite              |    10 |    14 |    30 ||    54
 Fire: Hunting sling     |     1 |       |     4 ||     5
Invok: Sacrifice Love    |     1 |       |       ||     1
       Sacrifice Purity  |       |     1 |       ||     1
       Draw Out Power    |       |       |     1 ||     1
       Sacrifice Resista |       |       |     1 ||     1
  Use: Scroll            |     4 |     3 |    14 ||    21
       Potion            |       |     1 |     3 ||     4
 Stab: Distracted        |     1 |       |       ||     1
Armor: Scale mail        |    34 |    78 |    68 ||   180
Dodge: Dodged            |    38 |    64 |    66 ||   168
       Repelled          |       |       |     1 ||     1
Block: Buckler           |    18 |    36 |    41 ||    95

Table legend: (Time is in decaauts)
 A = Elapsed time spent in this place.
 B = Non-inter-level travel time spent in this place.
 C = Inter-level travel time spent in this place.
 D = Time resting spent in this place.
 E = Time spent auto-exploring this place.
 F = Levels seen in this place.
 G = Mean time per level.
                   A        B        C        D        E       F      G
               +--------+--------+--------+--------+--------+-----+--------+
         Total |   6367 |   6069 |    298 |    526 |   3920 |   7 |  909.6 |
       Dungeon |   6367 |   6069 |    298 |    526 |   3920 |   7 |  909.6 |
               +--------+--------+--------+--------+--------+-----+--------+

Top non-repeatable levels by time:
     D:4: 1306 daAuts
     D:3: 1210 daAuts
     D:5: 996 daAuts
     D:6: 862 daAuts
     D:1: 843 daAuts
     D:2: 797 daAuts
     D:7: 350 daAuts
